 Dungeon Crawl Stone Soup version 0.20-a0-151-g755e310 (webtiles) character file.

35 FitzyFitz the Gusty (level 3, 0/21 HPs)
             Began as a High Elf Air Elementalist on Nov 22, 2016.
             Slain by a hobgoblin
             ... wielding a +0 club
              (2 damage)
             ... on level 1 of the Dungeon.
             The game lasted 00:03:21 (2617 turns).

FitzyFitz the Gusty (High Elf Air Elementalist)     Turns: 2617, Time: 00:03:21

Health: 0/21       AC:  2    Str:  7    XL:     3   Next: 16%
Magic:  5/7        EV: 13    Int: 19    God:
Gold:   77         SH:  0    Dex: 16    Spells: 3/6 levels left

rFire  . . .     SeeInvis .     a - +0 dagger
rCold  . . .     Gourm    .     g - +0 robe
rNeg   . . .     Faith    .     (no shield)
rPois  .         Spirit   .     (no helmet)
rElec  .         Reflect  .     (no cloak)
rCorr  .         Harm     .     (no gloves)
MR     .....                    (no boots)
Stlth  ++........               (no amulet)
                                (no ring)
                                (no ring)

@: no status effects
A: no striking features
a: no special abilities


You were on level 1 of the Dungeon.
You were not hungry.

You visited 1 branch of the dungeon, and saw 2 of its levels.

You collected 77 gold pieces.

Inventory:

Hand Weapons
 a - a +0 dagger (weapon)
 m - a +0 hunting sling
 o - a +0 short sword
Missiles
 h - 23 arrows
 i - 2 tomahawks (quivered)
 l - 2 stones
Armour
 g - a +0 robe (worn)
Scrolls
 d - 2 scrolls of teleportation {unknown}
 e - a scroll of recharging {unknown}
 j - a scroll of amnesia {unknown}
 n - a scroll of identify {unknown}
Potions
 f - a potion of mutation {unknown}
 k - a potion of berserk rage {unknown}
 p - a potion of magic {unknown}
Books
 b - a book of Air

   Spells                             Type                      Level
   a - Shock                          Conjuration/Air              1
   b - Swiftness                      Charms/Air                   2
   c - Repel Missiles                 Charms/Air                   2
   d - Static Discharge               Conjuration/Air              3
   e - Lightning Bolt                 Conjuration/Air              5
Comestibles
 c - 3 bread rations
 q - 2 chunks of flesh


   Skills:
 - Level 2.1 Dodging
 - Level 2.1 Stealth
 - Level 2.4 Spellcasting
 - Level 1.1 Conjurations
 + Level 5.2 Air Magic


You had 3 spell levels left.
You knew the following spells:

 Your Spells              Type           Power        Failure   Level  Hunger
a - Shock                 Conj/Air       ##..         6%          1    #......
b - Swiftness             Chrm/Air       ##......     10%         2    ##.....


Dungeon Overview and Level Annotations

Branches:
Dungeon (2/15)

Altars:


Message History

The zap hits the hobgoblin.
The hobgoblin is lightly wounded.
The zap hits the hobgoblin.
The hobgoblin is moderately wounded.
The quokka bites you. The hobgoblin hits you with a club.
Casting: Shock
Confirm with . or Enter, or press ? or * to list all spells.
Aiming: Shock
Press: ? - help, Shift-Dir - straight line, f/p - hobgoblin
Aim: a hobgoblin, wielding a club (lightly wounded)
The zap hits the hobgoblin.
The hobgoblin is almost dead.
The zap hits the hobgoblin.
You kill the hobgoblin!
The quokka bites you.
* * * LOW HITPOINT WARNING * * *
The quokka bites you.
* * * LOW HITPOINT WARNING * * *
The hobgoblin hits you with a club.
You die...

#.# #################.#
#.................#
#.###############.#
######.# #.# #...##.#
#.# #...##.# #.#
#######...##.##### #.#
......'........g@# #.#
#######...##.###r# #.#
### #...##.# #g# #.#
..#####...##.# #.# #.#
.............# #.# #.#
...####...#### #.# #.#
...# #...# #.# #.# ...#
#...# ####.## #.#
...####...###.....#####
#.#


You could see a quokka and 2 hobgoblins.

Vanquished Creatures
  An ooze (D:2)
  A leopard gecko (D:2)
  A ball python (D:1)
  A giant cockroach (D:1)
  6 hobgoblins (D:1)
  2 jackals (D:1)
  2 bats (D:1)
  2 frilled lizards (D:1)
  4 goblins (D:1)
  3 kobolds (D:1)
  5 rats
28 creatures vanquished.

Notes
Turn   | Place    | Note
-------+----------+-------------------------------------------
     0 | D:1      | FitzyFitz the High Elf Air Elementalist began the quest for the Orb.
     0 | D:1      | Reached XP level 1. HP: 11/11 MP: 4/4
   346 | D:1      | Reached skill level 4 in Air Magic
   784 | D:1      | Reached XP level 2. HP: 17/17 MP: 3/6
  2263 | D:1      | Learned a level 2 spell: Swiftness
  2334 | D:2      | Reached skill level 5 in Air Magic
  2334 | D:2      | Reached XP level 3. HP: 20/21 MP: 2/7
  2617 | D:1      | Slain by a hobgoblin

Vault maps used:
D:1:      evilmike_arrival_fibonacci_small
D:2:      first_bread

Skill      XL: |  1  2 |
---------------+-------+-----
Air Magic      | 4 5 |  5.2
Dodging        | |  2.1
Stealth        | |  2.1
Spellcasting   | |  2.4
Conjurations   | |  1.1

Action                   || total
-------------------------++-------
Melee: Dagger            ||    73
       Unarmed           ||     1
 Cast: Shock             ||    42
  Eat: Chunk             ||     5
Armor: Robe              ||    13
Dodge: Dodged            ||    74
